 Dungeon Crawl Stone Soup version 0.30.1 (webtiles) character file.

Game seed: 13021213420625831588

114 cheesebisquit the Grave Robber (level 4, -2/36 HPs)
             Began as a Ghoul Necromancer on July 2, 2023.
             Slain by a kobold
             ... wielding a +0 short sword
              (4 damage)
             ... on level 3 of the Dungeon.
             The game lasted 00:07:33 (1838 turns).

cheesebisquit the Grave Robber (Ghoul Necromancer)  Turns: 1838, Time: 00:07:34

Health: -2/36      AC:  3    Str:  9 (11) XL:     4   Next: 97%
Magic:  0/5        EV: 12    Int: 12 (15) God:
Gold:   96         SH:  0    Dex:  8 (9)  Spells: 5/6 levels left

rFire   . .          .
                       - Unarmed
rCold   + . .        (no shield)
rNeg    + + +        a - +0 robe
rPois   ∞            k - +0 helmet of Dull Birdsong {Int+3}
rElec   .            (no cloak)
rCorr   .            (no gloves)
SInv    .            (no boots)
Will    .....        (no amulet)
Stlth   ++           (no ring)
HPRegen 0.00/turn    (no ring)
MPRegen 0.09/turn

%: no passive effects
@: inhibited regen
A: claws 1, cold resistance 1, negative energy resistance 3, inhibited
regeneration, torment resistance 2, devour on kill
a: no special abilities


You were on level 3 of the Dungeon.
You visited 1 branch of the dungeon, and saw 3 of its levels.

You collected 96 gold pieces.

Inventory:

Missiles
 b - 6 datura-tipped darts
Armour
 a - a +0 robe (worn)
 k - the +0 helmet of Dull Birdsong (worn) {Int+3}
   (You found it on level 2 of the Dungeon)

   Int:       It affects your intelligence (+3).
Potions
 c - a potion of degeneration


   Skills:
 + Level 2.1 Fighting
 + Level 2.6 Dodging
 - Level 2.1 Stealth
 * Level 3.2 Unarmed Combat
 - Level 1.7 Spellcasting
 - Level 4.0 Necromancy


You had 5 spell levels left.
You knew the following spells:

 Your Spells              Type           Power      Damage    Failure   Level
a - Necrotise             Necr           40%        1d6       5%          1

Your spell library contained the following spells:

 Spells                   Type           Power      Damage    Failure   Level
 Vampiric Draining        Necr           10%        2d6       16%         3
 Blink                    Tloc           2%         N/A       38%         2
 Lesser Beckoning         Tloc           2%         N/A       38%         2
 Momentum Strike          Conj/Tloc      2%         3d8       38%         2
 Animate Dead             Necr           10%        N/A       47%         4
 Summon Guardian Golem    Hex/Summ       1%         N/A       63%         3
 Agony                    Necr           10%        N/A       83%         5
 Orb of Destruction       Conj           0%         9d5       100%        7
 Spellforged Servitor     Conj/Summ      0%         N/A       100%        7


Dungeon Overview and Level Annotations

Branches:
Dungeon (3/15)

Altars:

Annotations:
D:3 Pargi


Innate Abilities, Weirdness & Mutations

You are immune to poison.
You have sharp fingernails.
Your flesh is cold resistant. (rC+)
You are immune to negative energy. (rN+++)
You do not regenerate when monsters are visible.
You are immune to unholy pain and torment.
You thrive by killing the living.


Message History

Your ball python skeleton is destroyed!
The endoplasm freezes you.
You are frozen.
You resist.
* * * LOW HITPOINT WARNING * * *
Aiming: Necrotise (safe; 5% risk of failure)
Press: ? - help, Q - select action, (/) - cycle Shift-Dir - straight line, f/p - endoplasm
Aim: an endoplasm (almost dead, chance to affect: 78%)
The endoplasm writhes in agony.
You kill the endoplasm!
You feel better.
You closely miss the quokka.
The quokka is heavily wounded.
The quokka closely misses you. The quokka barely misses you.
You scratch the quokka.
You kill the quokka!
The kobold throws a poisoned dart.
The poisoned dart hits you.
You miss the adder. The adder closely misses you.
You claw the adder! Your claw misses the adder.
The adder is severely wounded.
The adder completely misses you.
You closely miss the adder.
The adder is severely wounded.
The adder bites you.
* * * LOW HITPOINT WARNING * * *
Okay, then.
You miss the adder.
The adder is severely wounded.
The adder bites you but does no damage. x2
Aiming: Necrotise (safe; 5% risk of failure)
Press: ? - help, Q - select action, (/) - cycle Shift-Dir - straight line, f - adder
Aim: an adder (severely wounded, chance to affect: 71%)
The adder writhes in agony.
You kill the adder!
The dead are slithering!
You closely miss the kobold. The kobold closely misses you.
You closely miss the kobold. The kobold barely misses you.
Your adder skeleton misses the kobold.
You miss the kobold.
The kobold hits you with a +0 short sword.
You die... g

##..# #. #..##
#####.##...#
#..........######
#.........K.....#
#.......r.......#
#..?............#
##########g.....#
.......@KZ..=...#
###########.....#
.....# .....#
.....# ######


You could see a hobgoblin, a kobold (ally target) and a friendly adder skeleton.

Vanquished Creatures
  Jessica (D:2)
  Terence (D:2)
  An adder (D:3)
  2 dart slugs
  3 endoplasms
  3 giant cockroaches (D:1)
  4 goblins
  9 hobgoblins
  2 jackals (D:2)
  A kobold (D:2)
  3 quokkas
  4 ball pythons
  6 bats
  A frilled lizard (D:2)
41 creatures vanquished.

Vanquished Creatures (collateral kills)
  A bat (D:2)
  A quokka (D:1)
2 creatures vanquished.

Grand Total: 43 creatures vanquished

Notes
Turn   | Place    | Note
-------+----------+-------------------------------------------
     0 | D:1      | cheesebisquit the Ghoul Necromancer began the quest for the
                  | Orb.
     0 | D:1      | Reached XP level 1. HP: 14/14 MP: 2/2
    76 | D:1      | Reached skill level 1 in Unarmed Combat
   134 | D:1      | Reached XP level 2. HP: 22/22 MP: 1/3
   357 | D:1      | Reached skill level 1 in Fighting
   667 | D:2      | Identified the +0 helmet of Dull Birdsong {Int+3}
   736 | D:2      | Reached XP level 3. HP: 28/28 MP: 0/4
  1187 | D:2      | Noticed Terence
  1203 | D:2      | Killed Terence
  1204 | D:2      | Reached XP level 4. HP: 8/36 MP: 0/5
  1574 | D:2      | Noticed Jessica
  1576 | D:2      | Killed Jessica
  1767 | D:3      | Noticed Pargi
  1799 | D:3      | Found a faded altar of an unknown god.
  1826 | D:3      | HP: 1/36 [frozen (2)]
  1838 | D:3      | Slain by a kobold

Illustrated notes

Levels and vault maps discovered:
D:1:      saegor_arrival_simple_d, layout_rooms
D:2:      layout_basic, uniq_jessica, uniq_terence
D:3:      layout_rooms, ashenzari_conservatory_becter,
          hellmonk_ecumenical_altar_run_dry, st_stairs_10,
          lexackson_kobold_supper, uniq_pargi

Skill      XL: |  1  2  3  4 |
---------------+-------------+-----
Unarmed Combat | 1 2 3 |  3.2
Dodging        | 2 |  2.6
Fighting       | 1 2 |  2.1
Stealth        | |  2.1
Spellcasting   | |  1.7
Necromancy     | |  4.0

Action                     |  1- 3 |  4- 6 || total
---------------------------+-------+-------++-------
  Melee: Unarmed           |    58 |    14 ||    72
   Cast: Necrotise         |    46 |    29 ||    75
    Use: Potion            |     1 |     6 ||     7
         Scroll            |       |     6 ||     6
   Stab: Sleeping          |       |     1 ||     1
 Armour: Robe              |    24 |    19 ||    43
  Dodge: Dodged            |    49 |    40 ||    89
